 Dungeon Crawl Stone Soup version 0.29-a0-872-g797fff5ad1 (webtiles) character file.

Game seed: 173717615748776974

62 jimonade the Trooper (level 4, -5/37 HPs)
             Began as a Djinni Fighter on July 18, 2022.
             Killed from afar by Sigmund (9 damage)
             ... with a magic dart
             ... on level 2 of the Dungeon.
             The game lasted 00:02:24 (1319 turns).

jimonade the Trooper (Djinni Fighter)               Turns: 1319, Time: 00:02:25

Health: -5/37      AC:  8    Str: 15    XL:     4   Next: 28%
Gold:   42         EV:  8    Int: 12    God:
                   SH:  6    Dex: 12

rFire   + + .      SeeInvis .   a - +0 long sword
rCold   x . .      Faith    .   j - +2 buckler
rNeg    . . .      Spirit   .   b - +0 scale mail
rPois   ∞          Reflect  .   (no helmet)
rElec   .          Harm     .   (no cloak)
rCorr   .          Rampage  .   g - +0 pair of gloves
Will    .....                   (boots unavailable)
Stlth   ..........              (no amulet)
HPRegen 0.12/turn               (no ring)
MPRegen 0.00/turn               (no ring)

@: flying
A: sickness immunity, fire resistance 2, cold vulnerability 1, float, innate
caster, HP casting, extra vitality 1
a: no special abilities


You were on level 2 of the Dungeon.
You visited 1 branch of the dungeon, and saw 2 of its levels.

You collected 42 gold pieces.

Inventory:

Hand Weapons
 a - a +0 long sword (weapon)
Missiles
 p - 8 stones (quivered)
Armour
 b - a +0 scale mail (worn)
 g - a +0 pair of gloves (worn)
 j - a +2 buckler (worn)
 k - a +0 leather armour
Jewellery
 q - a ring of fire
Scrolls
 c - a scroll of poison {unknown}
 i - a scroll of blinking {unknown}
 l - 3 scrolls of teleportation {unknown}
 m - a scroll of enchant weapon {unknown}
 o - a scroll of noise {unknown}
 r - a scroll of fog {unknown}
Potions
 d - a potion of might
 e - a potion of curing {unknown}
 f - 2 potions of degeneration {unknown}
 h - a potion of magic {unknown}
 n - a potion of lignification {unknown}


   Skills:
 * Level 3.7 Fighting
 + Level 2.2 Long Blades
 + Level 3.3 Armour
 + Level 0.2 Dodging
 + Level 3.2 Shields
 * Level 0.7 Spellcasting


You had 3 spell levels left.
You knew the following spells:

 Your Spells              Type           Power      Damage    Failure   Level
a - Slow                  Hex            8%         N/A       75%         1
Your spell library was empty.

Dungeon Overview and Level Annotations

Branches:
Dungeon (2/15)

Altars:

Annotations:
D:2 Sigmund


Innate Abilities, Weirdness & Mutations

You are immune to sickness and miasma.
You are immune to poison.
Your flesh is very heat resistant. (rF++)
You are vulnerable to cold. (rC-)
You float through the air rather than walking.
You learn spells naturally, not from books.
Your magical power is your life essence.
You have superior vitality. (+4 MHP)


Message History

You hit the giant cockroach.
You kill the giant cockroach!
Sigmund hits you but does no damage. You block Sigmund's attack.
You see here a giant cockroach corpse.
You hit Sigmund.
Sigmund is lightly wounded.
Sigmund casts a spell at you.
The magic dart hits you but does no damage.
You slash Sigmund!
Sigmund is heavily wounded.
Sigmund hits you with a +0 scythe!
You closely miss Sigmund.
Sigmund is heavily wounded.
Sigmund points at you and mumbles some strange words.
The magic dart hits you.
You hit Sigmund.
Sigmund is heavily wounded.
Sigmund gestures at you while chanting. You resist with some effort.
You hit Sigmund but do no damage.
Sigmund is heavily wounded.
Sigmund hits you with a +0 scythe!
You slash Sigmund!
Sigmund is severely wounded.
Sigmund casts a spell.
Sigmund flickers and vanishes!
Deactivating autopickup; reactivate with Ctrl-A.
You barely miss something. Something hits you!
* * * LOW HITPOINT WARNING * * *
You hit something. Something hits you.
* * * LOW HITPOINT WARNING * * *
You miss something. Something hits you but does no damage.
You miss something. Something hits you but does no damage.
You closely miss something. Something hits you but does no damage.
You miss something.
You hear some strange, mumbled words.
A magic dart appears from out of thin air!
The magic dart hits you!
You die...

#.....................##
#.#.....#.........### #
#>..≈................
#.≈..≈............### .
##..≈≈.##..........#
..#≈≈≈≈≈≈≈...........#
......).......#.######
.........######.# ##
.........{@.....# ..
.........######## ..
.........# #### ..
.........### ..... ..
...........##...... ..
................... ..
......####..#...... ..
...... #......... ..
...... #....#.### ..


There were no monsters in sight!

Vanquished Creatures
  An adder (D:2)
  5 bats
  4 endoplasms (D:2)
  3 giant cockroaches
  4 goblins
  4 hobgoblins
  10 jackals
  7 ball pythons
  2 frilled lizards
  A kobold (D:2)
  4 rats
45 creatures vanquished.

Notes
Turn   | Place    | Note
-------+----------+-------------------------------------------
     0 | D:1      | jimonade the Djinni Fighter began the quest for the Orb.
     0 | D:1      | Reached XP level 1. HP: 20/20 MP: 0/0
   176 | D:1      | Found a faded altar of an unknown god.
   279 | D:1      | Reached XP level 2. HP: 23/25 MP: 0/0
   537 | D:1      | Reached XP level 3. HP: 28/30 MP: 0/0
   537 | D:1      | Learned a level 1 spell: Slow
  1135 | D:2      | Reached XP level 4. HP: 37/37 MP: 0/0
  1290 | D:2      | Noticed Sigmund
  1319 | D:2      | Killed from afar by Sigmund

Illustrated notes

Levels and vault maps discovered:
D:1:      dpeg_arrival_tiny_c, layout_loops_ring,
          shapermc_ecumenical_altar_totnotflames, grunt_decor_resistance
D:2:      layout_basic, chequers_serial_rivers_micro_e,
          hangedman_abyss_or_decor_stabs, minmay_hedge_maze, st_stairs_9,
          kennysheep_doodads, uniq_sigmund

Skill      XL: |  1  2  3 |
---------------+----------+-----
Long Blades    | 2 |  2.2
Fighting       | |  3.7
Armour         | |  3.3
Dodging        | |  0.2
Shields        | |  3.2
Spellcasting   | |  0.7

Action                   |  1- 3 |  4- 6 || total
-------------------------+-------+-------++-------
Melee: Long sword        |   108 |    38 ||   146
Armor: Scale mail        |    59 |    28 ||    87
Dodge: Dodged            |    51 |    21 ||    72
Block: Buckler           |    46 |    18 ||    64

Table legend: (Time is in decaauts)
 A = Elapsed time spent in this place.
 B = Non-inter-level travel time spent in this place.
 C = Inter-level travel time spent in this place.
 D = Time resting spent in this place.
 E = Time spent auto-exploring this place.
 F = Levels seen in this place.
 G = Mean time per level.
                   A        B        C        D        E       F      G
               +--------+--------+--------+--------+--------+-----+--------+
         Total |   1368 |   1351 |     17 |      0 |    955 |   2 |  684.0 |
       Dungeon |   1368 |   1351 |     17 |      0 |    955 |   2 |  684.0 |
               +--------+--------+--------+--------+--------+-----+--------+

Top non-repeatable levels by time:
     D:1: 950 daAuts
     D:2: 418 daAuts
